 Dungeon Sprint DCSS version 0.05-5-g1455f61281 (webtiles) character file.

Game seed: 5718547432505133826, levelgen mode: deterministic

84 diana the Firebug (level 4, -8/51 HPs) Octopode Fire Elementalist. Began on May 27, 2021. Was a Follower of Sif Muna. Mangled by a yak (10 damage) ... in the Dungeon (Sprint V: "Ziggurat Sprint"). The game lasted 00:01:07 (101 turns).

diana the Firebug (Octopode Fire Elementalist)       Turns: 101, Time: 00:01:07

Health: -8/51      AC:  1    Str: 22    XL:     4 ^: 45
Magic:  8/11       EV: 17    Int: 28    God:    Sif Muna [1* [32]]
Gold:   0          SH:  0    Dex: 22    Spells: 12/13 levels left

rFire    + + .     Vision   .   D - +7 great mace "Firestarter" {inner flame, rF++}
rCold    . . .     Gourm    .   (no weapon)
rNeg     . . .     Faith    .   (helmet restricted)
rPois    .         Spirit   .   (no amulet)
rElec    .         Reflect  .   s - ring of dexterity
rCorr    .         Harm     .   t - ring of dexterity
MR       .....     NoTele   +   u - ring of intelligence
Stlth    ..........             v - ring of intelligence
HPRegen  0.27/turn              x - ring of strength
MPRegen  0.21/turn              w - ring of strength
                                (no ring)
                                (no ring)

@: berserking, very quick
A: almost no armour, stealthy swim, gelatinous body, amphibious, 8 rings,
constrict 8, camouflage 1, AC +1
a: Divine Energy, Renounce Religion


You were in the Dungeon.
You worshipped Sif Muna.
Sif Muna was aware of your devotion.
You were not hungry.

You visited 1 branch

Inventory:

Weapons
 D - the +7 great mace "Firestarter" (weapon) {inner flame, rF++}
   (You found it in the Dungeon)

   Its malleable surface is completely molten, allowing it to meld around and
   partially ignore armour.
   Causes less base damage than a standard weapon; but partially ignores enemy's
   defense and burns causing additional damage to those that don't resist heat.
   It greatly protects you from fire.
Magical Staves
 C - the +6 Majin-Bo {vampiric, corrupt archmagi; MP+6 Int+6}
   (You found it in the Dungeon)

   [staff of ]

   Base accuracy: +5 Base damage: 5 Base attack delay: 1.2 This weapon's minimum
   attack delay (0.6) is reached at skill level 12.
   The minimum and maximum damage of damaging spells cast with this staff are
   significantly increased.
   It falls into the 'Staves' category.
   It is one handed.
   Its enchantment grants additive spellpower to the spells it enhances.
Jewellery
 s - a ring of dexterity (left tentacle)
 t - a ring of dexterity (right tentacle)
 u - a ring of intelligence (on tentacle)
 v - a ring of intelligence (on tentacle)
 w - a ring of strength (on tentacle)
 x - a ring of strength (on tentacle)
Wands
 y - a wand of disintegration (7)
 z - a wand of iceblast (5)
 A - a wand of acid (7)
Scrolls
 h - 4 scrolls of blinking
 n - 4 scrolls of amnesia
 o - 7 scrolls of fog
 p - a scroll of holy word
 q - 5 scrolls of bless item
 r - 2 scrolls of fear
Potions
 a - 2 potions of brilliance
 c - 10 potions of curing
 d - 10 potions of heal wounds
 e - 6 potions of haste
 f - 7 potions of magic
 g - 2 potions of berserk rage
 i - 2 potions of invisibility
 j - 4 potions of resistance
 l - 5 potions of agility
 m - 5 potions of might
Miscellaneous
 B - a crystal ball of energy
Comestibles
 b - 7 rations


   Skills:
 + Level 4.6 Fighting
 + Level 4.5 Maces & Staves
 + Level 5.2 Dodging
 - Level 2.6 Stealth
 + Level 5.3 Spellcasting
 + Level 5.8 Fire Magic


You had 12 spell levels left.
You knew the following spells:

 Your Spells              Type           Power        Failure   Level  Hunger
a - Foxfire               Fire           25 (25)      1%          1    None

Your spell library contained the following spells:

 Spells                   Type           Power        Failure   Level  Hunger
 Searing Ray              Fire           40 (50)      1%          2    None
 Conjure Flame            Fire           40 (100)     1%          3    None
 Inner Flame              Hex/Fire       23 (100)     6%          3    None
 Fireball                 Fire           40 (200)     16%         5    #####..
 Sticky Flame             Fire/Pois      23 (100)     19%         4    ###....


Dungeon Overview and Level Annotations

Branches:
Dungeon (1/1)

Altars:
Ashenzari
Cheibriados
Dithmenos
Elyvilon
Fedhas Madash
Gozag Ym Sagoz
Hepliaklqana
Kikubaaqudgha
Makhleb
Nemelex Xobeh
Okawaru
Qazlal
Ru
Sif Muna
Trog
Uskayaw
Vehumet
Wu Jian
Xom
Yredelemnul
Zin
The Shining One Bahamut & Tiamat
Beogh
Jiyva
Lugonu

Annotations:
D 1 transporter


Innate Abilities, Weirdness & Mutations

You cannot wear most types of armour.
You are very stealthy in the water. (Stealth+)
Your gelatinous body helps endure attacks. (AC+1 EV+1)
Your is resilient. (AC +1)
You are amphibious.
You can wear up to eight rings at the same time.
You can use your tentacles to constrict five enemies at once.
Your skin changes colour to match your surroundings (Stealth++).


Message History

The wolf misses you (0). The yak gores you (8)!
* * * LOW HITPOINT WARNING * * *
The wolf closely misses you (0).
You bludgeon the wolf (23)!! You burn the wolf (3).
You kill the wolf!
Sif Muna accepts your kill.
You can now request divine energy to cast spells with insufficient magic.
Your Fighting skill increases to level 4!
Your Maces & Staves skill increases to level 4!
Your Dodging skill increases to level 5!
Your Spellcasting skill increases to level 5!
Your Fire Magic skill increases to level 5!
You have reached level 3!
Your experience leads to an increase in your attributes!
Your base attributes are Str 7, Int 17, Dex 12.
Increase (S)trength, (I)ntelligence, or (D)exterity?
You feel clever.
You have reached level 4!
The yak gores you (10)!
You die...

▓▓▓▓▓▓▓
▓.8©8.▓
▓.....▓
▓.).).▓
▓.....▓
▓..†Y.▓
▓..@..▓
▓▓▓▓▓▓▓


You could see a yak.

Vanquished Creatures
  A wolf (D)
1 creature vanquished.

Notes
Turn   | Place    | Note
-------+----------+-------------------------------------------
     0 | D        | diana the Octopode Fire Elementalist began the quest for
                  | the Orb.
     0 | D        | Reached XP level 1. HP: 11/11 MP: 3/3
     0 | D        | Found a shimmering blue altar of Sif Muna.
     0 | D        | Found a sacrificial altar of Ru.
     0 | D        | Found a bloodstained altar of Trog.
     0 | D        | Found a stormy altar of Qazlal.
     0 | D        | Found an iron altar of Okawaru.
     0 | D        | Found a sparkling altar of Nemelex Xobeh.
     0 | D        | Found a blossoming altar of Fedhas.
     1 | D        | Found the +6 Majin-Bo {vampiric, corrupt archmagi; MP+6
                  | Int+6}
     1 | D        | Found the +9 ballista "Sniper" {velocity, Acc+∞ +Vis}
     1 | D        | Found the +10 dark maul {crush}
     1 | D        | Found the +15 Maxwell's patent armour {-Cast -Tele rElec
                  | MR+ rCorr}
     1 | D        | Found the +18 shield of the Gong {rElec rN+ MR+ EV-5}
     1 | D        | Found the +14 obsidian axe {chop, +Fly +Vis Soulbond}
     1 | D        | Found the +7 great mace "Firestarter" {inner flame, rF++}
     1 | D        | Found the +6 shillelagh "Devastator" {shatter}
     1 | D        | Found the +11 plutonium sword {*Contam Stlth-}
     1 | D        | Found the +8 lance "Wyrmbane" {slay drac, rPois rF+ rC+
                  | AC+3}
     1 | D        | Found the +9 sword of Zonguldrok {reap}
     1 | D        | Found the +13 scythe of Curses {drain, Soulbond}
     1 | D        | Found the +0 sword of Power
     1 | D        | Found the +7 mace of Variability {chain chaos}
     1 | D        | Found the +7 Singing Sword {slice, sonic wave}
     1 | D        | Found the +8 storm bow {elec, penet}
     2 | D        | Found a transporter.
     2 | D        | Found an ancient bone altar of Kikubaaqudgha.
     2 | D        | Found a viscous altar of Jiyva.
     2 | D        | Found a corrupted altar of Lugonu.
     2 | D        | Found a hazy altar of Hepliaklqana.
     2 | D        | Found a burning altar of Makhleb.
     2 | D        | Found an opulent altar of Gozag.
    57 | D        | Became a worshipper of Sif Muna the Loreminder
    78 | D        | Reached XP level 2. HP: 21/21 MP: 4/7
    96 | D        | Entered arena 2.
    96 | D        | Noticed a wolf
    96 | D        | Noticed a yak
    96 | D        | Found a transporter.
   100 | D        | HP: 1/31 [yak (8)]
   101 | D        | Killed a wolf
   101 | D        | Reached * piety under Sif Muna
   101 | D        | Reached skill level 5 in Dodging
   101 | D        | Reached skill level 5 in Spellcasting
   101 | D        | Reached skill level 5 in Fire Magic
   101 | D        | Reached XP level 3. HP: 1/27 MP: 7/9
   101 | D        | Reached XP level 4. HP: 2/34 MP: 8/11
   101 | D        | Mangled by a yak

Levels and vault maps discovered:
D:        sprint_v [room_start, room_1, room_2, room_3, room_4, room_5, room_6,
          room_7, room_8, room_9, room_10, room_11, room_12, room_13, room_14,
          room_15, room_16, room_17, room_18, room_19, room_20, room_21,
          room_22, room_23, room_24, room_25, room_26, room_27]

Skill      XL: |  1  2 |
---------------+-------+-----
Fighting       | 3 4 |  4.6
Maces & Staves | 3 4 |  4.5
Dodging        | 4 5 |  5.2
Spellcasting   | 4 5 |  5.3
Fire Magic     | 4 5 |  5.8
Stealth        | |  2.6

Action                   |  1- 3 |  4- 6 || total
-------------------------+-------+-------++-------
Melee: Great mace        |     2 |       ||     2
       Unarmed           |     1 |       ||     1
       Tentacle Thwack   |     1 |       ||     1
Evoke: Wand              |     2 |       ||     2
  Use: Potion            |     2 |       ||     2
Dodge: Dodged            |     3 |       ||     3
